AoeStats
← Scurvy Enjoyer

Nomad

505590335Analyzed
2v2 RM · 20d ago on Sep 10, 2026· 40m 16s· 4 players
Game mode
Random Map
Map size
176×176
Population
200
Speed
Normal
Resources
Standard
Victory
Conquest
Starting age
Dark Age
Ending age
Imperial Age
RankedLock teamsTeams togetherTeam positionsShared explorationLock speedFull tech treeHidden civsTurbo modeCheats
Victory
Defeat
🇺🇸 Ethiopians · United States
1035
+16
🇺🇸 Britons · United States
1005
+18
🇺🇸 Inca · United States
1041
-17
🇺🇸 Huns · United States
1041
-17
Batkon
16:57 Feudal Age
18:22 Wheelbarrow
17:35 Double-Bit Axe
17:43 Fishing Lines
21:27 Castle Age
20:38 Stone Mining
21:05 Gold Mining
21:48 Forging
21:33 Fletching
21:37 Town Watch
21:52 Loom
22:29 Bow Saw
23:14 Gold Shaft Mining
22:58 Hand Cart
22:58 Town Patrol
23:26 Gillnets
26:26 Bodkin Arrow
28:23 Iron Casting
30:36 Padded Archer Armor
31:33 Yeomen
32:45 Ballistics
38:25 Imperial Age
37:47 Leather Archer Armor
40:37 Hoardings
outtagearrobot
14:12 Feudal Age
14:52 Double-Bit Axe
17:56 Fishing Lines
22:49 Castle Age
20:53 Gold Mining
21:18 Arson
24:10 Gillnets
24:52 Squires
24:55 Scale Mail Armor
25:06 Forging
25:44 Bow Saw
33:07 Imperial Age
33:54 Ballistics
34:55 Chemistry
39:25 Gold Shaft Mining
Scurvy Enjoyer
11:32 Loom
14:06 Feudal Age
14:38 Double-Bit Axe
14:39 Horse Collar
17:37 Fletching
21:39 Castle Age
20:16 Padded Archer Armor
22:30 Bow Saw
24:22 Bodkin Arrow
24:43 Leather Archer Armor
25:38 Thumb Ring
39:58 Imperial Age
Hupee
12:09 Loom
14:28 Feudal Age
16:21 Champi Runner
19:58 Scale Mail Armor
22:34 Castle Age
21:59 Wheelbarrow
22:00 Town Watch
22:22 Double-Bit Axe
22:18 Horse Collar
23:42 Forging
23:26 Champi Warrior
24:08 Squires
30:03 Chain Mail Armor
32:40 Iron Casting
33:28 Hand Cart
41:14 Imperial Age
Connection lost

Rejoining the realm…

Still unreachable

The connection could not be restored.

Session expired

The server has moved on; the page needs a fresh start.